 Dungeon Crawl Stone Soup version 0.26-a0-1145-gf5f8a83f67 (webtiles) character file.

Game seed: 1786139476900339855

26673 Essalna the Arsonist (level 13, -3/82 HPs)
             Began as a Gargoyle Fire Elementalist on Dec 20, 2020.
             Was a High Priest of Vehumet.
             Slain by Jorgrun
             ... wielding a +0 vorpal quarterstaff
              (15 damage)
             ... on level 2 of the Orcish Mines on Dec 22, 2020.
             The game lasted 01:03:53 (20076 turns).

Essalna the Arsonist (Gargoyle Fire Elementalist)  Turns: 20076, Time: 01:03:53

Health: -3/82      AC: 18    Str: 12    XL:     13   Next: 27%
Magic:  1/26       EV: 12    Int: 21    God:    Vehumet [*****.]
Gold:   1059       SH:  4    Dex: 10    Spells: 18/31 levels left

rFire    + . .     SeeInvis .   M - +2 dagger (elec)
rCold    + . .     Faith    .   O - +0 buckler (curse)
rNeg     + . .     Spirit   .   H - +1 robe {rF+}
rPois    ∞         Reflect  .   m - +0 helmet
rElec    +         Harm     .   (no cloak)
rCorr    .         Rampage  .   b - +2 pair of gloves
Will     .....                  (no boots)
Stlth    ++........             (no amulet)
HPRegen  0.23/turn              T - ring of protection from cold
MPRegen  0.20/turn              (no ring)

@: grasped by roots, constricted, studying Staves
A: negative energy resistance 1, electricity resistance, unbreathing,
petrification resistance, miasma immunity, AC +9
a: Renounce Religion


You were on level 2 of the Orcish Mines.
You worshipped Vehumet.
Vehumet was extremely pleased with you.
You visited 2 branches of the dungeon, and saw 15 of its levels.

You collected 1059 gold pieces.

Inventory:

Hand Weapons
 d - a +0 dagger
 j - a +0 morningstar
 q - a +0 short sword of protection
 x - a +0 dagger of venom
 z - a +1 morningstar of holy wrath
 M - a +2 dagger of electrocution (weapon)
Armour
 a - a +0 robe
 b - a +2 pair of gloves (worn)
 m - a +0 helmet (worn)
 w - a +0 robe of willpower
 H - a +1 robe of fire resistance (worn)
 O - a cursed +0 buckler (worn)
 P - a +2 kite shield of cold resistance
Magical Staves
 R - an uncursed staff of death
Jewellery
 T - a ring of protection from cold (left hand)
Wands
 E - a wand of iceblast (8)
 J - a wand of disintegration (18)
 N - a wand of acid (7)
 Q - a wand of polymorph (10)
 S - a wand of flame (12)
Scrolls
 h - 5 scrolls of remove curse
 i - 3 scrolls of magic mapping
 k - 13 scrolls of identify {unknown}
 l - 5 scrolls of enchant armour
 o - 5 scrolls of amnesia
 p - 3 scrolls of enchant weapon
 r - 2 scrolls of blinking {unknown}
 s - 3 scrolls of noise {unknown}
 t - 3 scrolls of teleportation
 y - 2 scrolls of random uselessness {unknown}
 D - 2 scrolls of acquirement {unknown}
 I - a scroll of immolation {unknown}
 L - a scroll of fear {unknown}
 U - a scroll of vulnerability {unknown}
Potions
 c - 2 potions of invisibility
 e - 4 potions of might {unknown}
 f - 12 potions of curing
 g - 4 potions of haste {unknown}
 n - 6 potions of attraction {unknown}
 u - 3 potions of berserk rage {unknown}
 v - 2 potions of flight {unknown}
 A - a potion of magic {unknown}
 C - 2 potions of lignification {unknown}
 F - a potion of degeneration {unknown}
 G - 3 potions of ambrosia {unknown}
 K - a potion of brilliance {unknown}
 V - a potion of cancellation {unknown}
Books
 B - a manual of Staves


   Skills:
 + Level 10.1 Fighting
 - Level 9.0 Armour
 + Level 7.3 Dodging
 - Level 2.1 Stealth
 - Level 4.0 Shields
 + Level 9.5 Spellcasting
 - Level 6.0 Conjurations
 + Level 10.4 Fire Magic
 - Level 5.0 Ice Magic
 - Level 0.8 Evocations


You had 18 spell levels left.
You knew the following spells:

 Your Spells              Type           Power        Failure   Level
a - Foxfire               Conj/Fire      100%         1%          1
b - Frozen Ramparts       Ice            60%          1%          3
c - Sticky Flame          Conj/Fire      44%          1%          4
d - Fireball              Conj/Fire      22%          1%          5

Your spell library contained the following spells:

 Spells                   Type           Power        Failure   Level
 Conjure Ball Lightning   Conj/Air       11%          58%         6
 Conjure Flame            Conj/Fire      44%          1%          3
 Inner Flame              Hex/Fire       31%          1%          3
 Corona                   Hex            10%          7%          1
 Slow                     Hex            9%           11%         2
 Portal Projectile        Hex/Tloc       18%          21%         3
 Cause Fear               Hex            4%           56%         4
 Leda's Liquefaction      Hex/Erth       4%           56%         4


Dungeon Overview and Level Annotations

Branches:
Dungeon (13/15)            Temple (0/1) D:6             Orc (2/2) D:10
    Elf (0/3) Orc:2        Vaults (0/5) D:13
   Lair: D:8-11

Altars:
Ashenzari
Cheibriados
Elyvilon
Hepliaklqana
Nemelex Xobeh
Okawaru
Sif Muna
Trog
Vehumet
Xom
Zin
The Shining One
Beogh

Shops:
D:13 *   Orc:1 }

Annotations:
D:8 3 runed translucent doors
D:12 3 runed translucent doors, hemabe71's ghost, journeyman HuAr
Orc:2 Jorgrun


Innate Abilities, Weirdness & Mutations

You are resistant to torment.
Your stone body is resilient. (AC +9)
You are immune to poison.
You resist negative energy. (rN+)
You are resistant to electric shocks. (rElec)
You can survive without breathing.
You are immune to petrification.
You are immune to miasma.


Message History

Jorgrun is severely wounded.
Jorgrun burns!
Jorgrun hits you but does no damage.
* * * LOW HITPOINT WARNING * * *
The grasping roots constrict you!
An orc priest comes into view. It is wielding a +0 morningstar.
Casting: Sticky Flame (mildly dangerous; 1% risk of failure)
Confirm with . or Enter, or press ? or * to list all spells.
Aiming: Sticky Flame (mildly dangerous; 1% risk of failure)
Press: ? - help, Shift-Dir - straight line, f/p - Jorgrun
Aim: Jorgrun, wielding a +0 vorpal quarterstaff and wearing a +0 robe of willpower (severely wounded, covered in liquid flames, 0% to evade)
The sticky flame hits Jorgrun.
Jorgrun is severely wounded.
Jorgrun is covered in liquid flames!
Jorgrun burns!
Jorgrun hits you with a +0 vorpal quarterstaff!
* * * LOW HITPOINT WARNING * * *
x3 The grasping roots constrict you.
You feel better.
Jorgrun burns!
An orc comes into view. It is wielding a +0 club.
Jorgrun hits you but does no damage.
You die...

*** #....#8..........***,,,,
#...##...........,**,,,*
##......#.......#,,,,,,** ###
#........#......#*,*,,**
##.####..............##*,,,*
###...##................#,,,,*
##.#.................#....,,,,***
....#......#.....[<.......,*,,**,
...............g@)[.......**,,,,,
.#......)o.............#.#***,**,
.............#..).....##** *****
...................#.##
###..######.......###.##
#.)#,,,∩#......#.#...#
**#..#,,,,#.....o.....##
.,,,,*,,,,#........#.##
#**,,**'**#.......#.##


You could see Jorgrun (burning), an orc priest and an orc.

Vanquished Creatures
  2 vault guards (D:13)
  2 two-headed ogres (D:8)
  A death knight (D:12)
  An orc high priest (Orc:2)
  Pikel (D:8)
  2 wizards (D:13)
  An orc knight (D:13)
  4 ugly things
  2 manticores (D:13)
  3 gargoyles
  A freezing wraith (D:12)
  A komodo dragon (D:13)
  A merfolk (D:10)
  A queen bee (D:6)
  A meliai (shapeshifter) (D:13)
  A hornet (D:13)
  3 trolls
  A shadow (D:13)
  Sigmund (D:5)
  A centaur simulacrum (D:10)
  3 wraiths
  21 humans (D:13)
  2 water elementals (D:12)
  18 yaks
  5 wargs
  An acid dragon (D:13)
  A water moccasin (D:10)
  A hornet zombie (D:8)
  12 orc warriors
  4 phantoms
  A sky beast (D:9)
  6 ice beasts
  6 ogres
  11 centaurs
  2 big kobolds
  A lemure (D:8)
  5 bullfrogs
  3 gnoll sergeants
  A water moccasin zombie (D:6)
  A scorpion (D:12)
  3 wyvern skeletons
  14 killer bees
  4 wights (D:6)
  2 howler monkeys (D:8)
  2 bullfrog zombies
  A jelly (D:11)
  A quasit (D:8)
  18 orc priests
  7 hounds
  15 orc wizards
  3 bullfrog skeletons
  5 iguanas
  3 centaur skeletons
  Terence (D:2)
  10 worker ants
  The ghost of rlgrobin the Sneak, a weakling KoDe (D:6)
  A hound zombie (D:10)
  Robin (D:2)
  3 worker ant zombies
  14 gnolls
  A howler monkey skeleton (D:11)
  5 adders
  A shadow imp (D:6)
  3 white imps
  2 ufetubi
  2 oozes
  3 adder zombies
  2 adder skeletons
  3 worms
  2 dart slugs
  7 leopard geckos
  78 orcs
  8 bats
  6 giant cockroaches
  13 goblins
  16 hobgoblins
  15 jackals
  20 kobolds
  4 quokkas
  A ball python (D:1)
  8 frilled lizards
  A quokka zombie (D:8)
  11 rats
457 creatures vanquished.

Vanquished Creatures (others)
  2096 foxfires
2096 creatures vanquished.

Grand Total: 2553 creatures vanquished

Notes
Turn   | Place    | Note
-------+----------+-------------------------------------------
     0 | D:1      | Essalna the Gargoyle Fire Elementalist began the quest for
                  | the Orb.
     0 | D:1      | Reached XP level 1. HP: 10/10 MP: 3/3
   252 | D:1      | Reached XP level 2. HP: 15/15 MP: 1/5
   920 | D:1      | Reached XP level 3. HP: 19/19 MP: 6/6
  1227 | D:2      | Noticed Terence
  1243 | D:2      | Killed Terence
  1293 | D:2      | Reached XP level 4. HP: 13/24 MP: 1/8
  1491 | D:2      | Found a radiant altar of Vehumet.
  1778 | D:2      | Became a worshipper of Vehumet
  1816 | D:2      | Noticed Robin
  1918 | D:2      | Killed Robin
  2303 | D:2      | Found a snail-covered altar of Cheibriados.
  2689 | D:2      | Reached XP level 5. HP: 28/28 MP: 9/9
  2690 | D:2      | Reached * piety under Vehumet
  2690 | D:2      | Offered knowledge of Shock by Vehumet.
  2708 | D:2      | Found an iron altar of Okawaru.
  3984 | D:3      | Offered knowledge of Sandblast by Vehumet.
  4140 | D:4      | Reached XP level 6. HP: 28/32 MP: 4/11
  4142 | D:4      | Reached ** piety under Vehumet
  4571 | D:4      | Found a sparkling altar of Nemelex Xobeh.
  4897 | D:5      | Entered Level 5 of the Dungeon
  4966 | D:5      | Noticed an ice beast
  4975 | D:5      | Killed an ice beast
  4976 | D:5      | Reached skill level 1 in Fighting
  4976 | D:5      | Reached skill level 1 in Armour
  4976 | D:5      | Reached XP level 7. HP: 38/38 MP: 3/13
  5082 | D:5      | Noticed Sigmund
  5087 | D:5      | Killed Sigmund
  5088 | D:5      | Reached skill level 5 in Fire Magic
  5256 | D:6      | Reached XP level 8. HP: 44/44 MP: 0/14
  5435 | D:6      | Found a staircase to the Ecumenical Temple.
  5576 | D:6      | Found a broken altar of Ashenzari.
  5671 | D:6      | Noticed a queen bee
  5702 | D:6      | Found a transporter.
  5703 | D:6      | Noticed rlgrobin's ghost (weakling KoDe)
  5704 | D:6      | Found a transporter.
  5710 | D:6      | Reached skill level 5 in Conjurations
  6017 | D:6      | Found a white marble altar of Elyvilon.
  6072 | D:6      | Found a white marble altar of Elyvilon.
  6072 | D:6      | Found a glowing golden altar of the Shining One.
  6073 | D:6      | Found a glowing silver altar of Zin.
  6913 | D:5      | Reached skill level 5 in Spellcasting
  7695 | D:7      | Reached XP level 9. HP: 52/52 MP: 11/16
  7942 | D:7      | Offered knowledge of Frozen Ramparts by Vehumet.
  7947 | D:7      | Learned a level 3 spell: Frozen Ramparts
  8304 | D:7      | Found a bloodstained altar of Trog.
  8351 | D:7      | Learned a level 4 spell: Sticky Flame
  8357 | D:7      | Learned a level 5 spell: Fireball
  8763 | D:8      | Reached *** piety under Vehumet
  9028 | D:8      | Found a runed translucent gate.
  9029 | D:8      | Found a runed translucent gate.
  9029 | D:8      | Found a runed translucent gate.
  9031 | D:8      | Noticed a purple ugly thing
  9031 | D:8      | Noticed a white ugly thing
  9062 | D:8      | Noticed Pikel
  9079 | D:8      | Killed Pikel
  9080 | D:8      | Reached skill level 5 in Fighting
  9080 | D:8      | Reached skill level 5 in Armour
  9339 | D:8      | Noticed a two-headed ogre
  9349 | D:8      | Killed a two-headed ogre
  9349 | D:8      | Offered knowledge of Stone Arrow by Vehumet.
  9350 | D:8      | Reached XP level 10. HP: 60/60 MP: 10/19
  9497 | D:8      | Reached skill level 5 in Dodging
  9801 | D:8      | Noticed a two-headed ogre
  9810 | D:8      | Killed a two-headed ogre
 10637 | D:6      | Reached skill level 1 in Ice Magic
 10638 | D:6      | Killed rlgrobin's ghost
 11027 | D:9      | Reached **** piety under Vehumet
 11222 | D:9      | Offered knowledge of Iskenderun's Battlesphere by Vehumet.
 11825 | D:9      | Found a hazy altar of Hepliaklqana.
 12135 | D:9      | Found a shimmering blue altar of Sif Muna.
 12177 | D:10     | Entered Level 10 of the Dungeon
 12326 | D:10     | Reached XP level 11. HP: 53/66 MP: 12/21
 12824 | D:10     | Upgraded the game from 0.26-a0-1132-ge9770dfcb6 to
                  | 0.26-a0-1145-gf5f8a83f67
 12953 | D:10     | Reached ***** piety under Vehumet
 13144 | D:10     | Offered knowledge of Freezing Cloud by Vehumet.
 13368 | D:10     | Found a roughly hewn altar of Beogh.
 13368 | D:10     | Found a staircase to the Orcish Mines.
 13851 | D:11     | Reached skill level 1 in Shields
 15657 | D:12     | Noticed a death knight
 15711 | D:12     | Killed a death knight
 15712 | D:12     | Reached XP level 12. HP: 54/74 MP: 8/24
 15916 | D:12     | Found a runed translucent gate.
 15916 | D:12     | Found a runed translucent gate.
 15948 | D:12     | Found a runed translucent gate.
 15954 | D:12     | Noticed hemabe71's ghost (journeyman HuAr)
 16543 | D:12     | Reached skill level 5 in Ice Magic
 17392 | D:13     | Offered knowledge of Yara's Violent Unravelling by Vehumet.
 17686 | D:13     | Found a roughly hewn altar of Beogh.
 18000 | D:13     | Found Joyd's Changing Room.
 18615 | D:13     | Reached skill level 10 in Fire Magic
 18869 | D:13     | Found a shimmering altar of Xom.
 18887 | D:13     | Reached XP level 13. HP: 78/81 MP: 19/26
 18897 | D:13     | Noticed a vault guard
 18905 | D:13     | Killed a vault guard
 18950 | D:13     | Noticed a vault guard
 18962 | D:13     | Killed a vault guard
 19140 | D:13     | Reached skill level 10 in Fighting
 19388 | D:13     | Found a gate to the Vaults.
 19506 | Orc:1    | Entered Level 1 of the Orcish Mines
 19506 | Orc:1    | Found Nyniun's Gadget Shoppe.
 19615 | Orc:2    | Entered Level 2 of the Orcish Mines
 19885 | Orc:2    | Noticed Jorgrun
 19890 | Orc:2    | Offered knowledge of Conjure Ball Lightning by Vehumet.
 20075 | Orc:2    | HP: 3/82 [Jorgrun/+0 vorpal quarterstaff (3)]
 20076 | Orc:2    | Slain by Jorgrun

Illustrated notes

Levels and vault maps discovered:
D:1:      dpeg_arrival_tiny_k, layout_basic, kennysheep_another_room
D:2:      layout_basic, lemuel_doored_altar, fiery_altar_vehumet,
          kennysheep_slug_shrine, minmay_quadrilaterals, uniq_terence,
          uniq_robin
D:3:      layout_loops_corners
D:4:      layout_basic, kennysheep_mini_moat
D:5:      layout_loops_ring, minmay_manual_mess, uniq_sigmund
D:6:      layout_cave_pools, good_gods_temple_1, nicolae_ashenzari_panopticon,
          minmay_temple_entry_hall, gammafunk_ghost_hive, basic_altar,
          st_stairs_4
D:7:      layout_cave_pools, bloody_trog
D:8:      layout_gridville, ploomutoo_gammafunk_ghost_potion_laboratory,
          wad_floor_pattern_1, uniq_pikel
D:9:      layout_big_octagon, lemuel_round_altar, lemuel_crystal_altar,
          erik_lair_dragon
D:10:     layout_cave_pools, david_orc_5, hangedman_fish_farm
D:11:     layout_stronghold
D:12:     layout_roguey, gammafunk_ghost_spectres, kennysheep_path_1
D:13:     layout_loops_corners, grunt_vaults_entry_tiered, special_room
          [special_room_orc], nicolae_transmutations_shop, xom_teletrap_fun
Orc:1:    layout_caves, serial_shops, shop, uniq_erica, uniq_nergalle
Orc:2:    st_orc_town, layout_caves, basic_altar, serial_shops, shop_statue,
          nicolae_orc_flooded_monolith, bloody_makhleb, uniq_jorgrun

Skill      XL: |  1  2  3  4  5  6  7  8  9 10 11 12 13 |
---------------+----------------------------------------+-----
Conjurations   | 2 3 4 5 6 |  6.0
Spellcasting   | 3 4 5 6 7 8 9 |  9.5
Fire Magic     | 4 5 6 7 8 9 10 | 10.4
Fighting       | 1 2 3 5 6 8 9 10 | 10.1
Armour         | 1 2 3 5 6 7 8 9 |  9.0
Dodging        | 2 3 4 5 6 7 |  7.3
Ice Magic      | 1 4 5 |  5.0
Shields        | 3 4 |  4.0
Stealth        | |  2.1
Evocations     | |  0.8

Action                   |  1- 3 |  4- 6 |  7- 9 | 10-12 | 13-15 || total
-------------------------+-------+-------+-------+-------+-------++-------
Melee: Unarmed           |     1 |       |       |       |       ||     1
       Dagger            |    22 |       |       |   161 |    42 ||   225
       Morningstar       |    11 |    41 |       |       |       ||    52
       Short sword       |       |   173 |    92 |    69 |       ||   334
 Cast: Foxfire           |    64 |   116 |   297 |   725 |    16 ||  1218
       Sticky Flame      |       |       |     5 |    31 |    15 ||    51
       Frozen Ramparts   |       |       |       |    33 |     8 ||    41
       Fireball          |       |       |       |    23 |    15 ||    38
  Use: Scroll            |       |       |     1 |       |     5 ||     6
       Potion            |       |       |       |       |     1 ||     1
 Stab: Sleeping          |     1 |     4 |       |       |       ||     5
Armor: Robe              |    19 |   125 |   103 |   181 |    18 ||   446
Dodge: Dodged            |    37 |   170 |   133 |   346 |    28 ||   714
Block: Buckler           |       |       |       |    43 |    15 ||    58

Table legend: (Time is in decaauts)
 A = Elapsed time spent in this place.
 B = Non-inter-level travel time spent in this place.
 C = Inter-level travel time spent in this place.
 D = Time resting spent in this place.
 E = Time spent auto-exploring this place.
 F = Levels seen in this place.
 G = Mean time per level.
                   A        B        C        D        E       F      G
               +--------+--------+--------+--------+--------+-----+--------+
         Total |  20159 |  19545 |    614 |   1413 |  14621 |  15 | 1343.9 |
       Dungeon |  19588 |  18983 |    605 |   1271 |  14328 |  13 | 1506.8 |
  Orcish Mines |    570 |    562 |      8 |    142 |    293 |   2 |  285.0 |
               +--------+--------+--------+--------+--------+-----+--------+

Top non-repeatable levels by time:
    D:13: 2754 daAuts
     D:8: 2110 daAuts
     D:6: 1813 daAuts
    D:11: 1737 daAuts
     D:2: 1716 daAuts
    D:10: 1540 daAuts
     D:5: 1328 daAuts
     D:1: 1289 daAuts
    D:12: 1246 daAuts
     D:3: 1166 daAuts
     D:9: 1110 daAuts
     D:7: 980 daAuts
     D:4: 795 daAuts
   Orc:2: 317 daAuts
   Orc:1: 253 daAuts
